 Dungeon Crawl Stone Soup version 0.20.0-15-g7f486f2 (webtiles) character file.

594 vishdafish the Shield-Bearer (level 7, -7/44 HPs)
             Began as a Gargoyle Fighter on June 19, 2017.
             Mangled by Quirk's ghost (11 damage)
             ... on level 4 of the Dungeon.
             The game lasted 00:05:53 (2605 turns).

vishdafish the Shield-Bearer (Gargoyle Fighter)     Turns: 2605, Time: 00:05:54

Health: -7/44      AC: 13    Str: 21    XL:     7   Next: 39%
Magic:  7/7        EV:  8    Int: 13    God:
Gold:   188        SH: 10    Dex: 12    Spells: 6/6 levels left

rFire    . . .     SeeInvis .   a - +0 flail
rCold    . . .     Gourm    .   c - +0 shield
rNeg     + . .     Faith    .   b - +0 scale mail
rPois    ∞         Spirit   .   (no helmet)
rElec    +         Reflect  .   m - +0 cloak
rCorr    .         Harm     .   (no gloves)
MR       .....                  (no boots)
Stlth    +.........             (no amulet)
Regen    0.2/turn               (no ring)
MPRegen  0.1/turn               (no ring)

@: brilliant
A: thin skeletal structure 1, negative energy resistance 1, electricity
resistance, wild magic 1, unbreathing, petrification resistance, rot immunity,
AC +4
a: no special abilities


You were on level 4 of the Dungeon.
You were not hungry.

You visited 1 branch of the dungeon, and saw 4 of its levels.

You collected 188 gold pieces.

Inventory:

Hand Weapons
 a - a +0 flail (weapon)
Armour
 b - a +0 scale mail (worn)
 c - a +0 shield (worn)
 h - a +1 pair of gloves
 m - a +0 cloak (worn)
Jewellery
 e - a cursed -3 ring of intelligence {unknown}
 l - a cursed ring of teleportation {unknown}
Wands
 f - a wand of iceblast (5/15)
Scrolls
 d - 2 scrolls of recharging {unknown}
 i - 2 scrolls of enchant armour {unknown}
 j - a scroll of enchant weapon {unknown}
 k - 3 scrolls of remove curse {unknown}
 o - a scroll of fear {unknown}
 t - a scroll of identify {unknown}
Comestibles
 g - a meat ration
 n - 3 royal jellies


   Skills:
 + Level 4.5 Fighting
 + Level 4.6 Maces & Flails
 + Level 4.9 Armour
 + Level 2.0 Dodging
 + Level 0.5 Stealth
 + Level 5.0 Shields


You had 6 spell levels left.
You didn't know any spells.

Dungeon Overview and Level Annotations

Branches:
Dungeon (4/15)
 Temple: D:4-7

Altars:

Annotations:
D:4 Quirk's ghost, novice DsFi


Innate Abilities, Weirdness & Mutations

You are resistant to torment.
Your stone body is resilient. (AC +4)
You are immune to poison.
You resist negative energy. (rN+)
You are resistant to electric shocks. (rElec)
You can survive without breathing.
You are immune to petrification.
You are immune to rotting.
You have a somewhat thin skeletal structure. (Dex +2, Stealth)
Your spells are a little harder to cast, but a little more powerful.


Message History

Quirk's ghost is heavily damaged.
Quirk's ghost closely misses you.
Your shield prevents you from hitting Quirk's ghost.
Quirk's ghost is heavily damaged.
Quirk's ghost hits you.
You hit Quirk's ghost.
Quirk's ghost is heavily damaged.
Quirk's ghost hits you!
You hit Quirk's ghost.
Quirk's ghost is severely damaged.
Quirk's ghost hits you but does no damage.
Quirk's ghost hits you!
* * * LOW HITPOINT WARNING * * *
It was a potion of brilliance.
You feel clever all of a sudden.
Quirk's ghost hits you but does no damage.
It was a potion of mutation.
You feel extremely strange.
Your bones become slightly less dense.
You feel less in control of your magic. Quirk's ghost hits you!
You die...

...(.....#h. ..%.......# .#
..........# .## ..........# ..
##. .........###. ..# #.
.........##.# #.# #..
.......(.##.# #.####...
........))..######........
....(...†##....W@............
........####.......÷..## ..
........# ##........## ##.#
.......## #........## #..#
.......# ##.........###.#
......## #..####........# ##
....#.# ###...#####......####...
#####..###..#.....##............#
#.....#####.....##.....##.


You could see Quirk's ghost.

Vanquished Creatures
  The ghost of vishdafish the Shield-Bearer, an amateur GrFi (D:3)
  A phantom (D:4)
  A hound (D:4)
  2 orc priests
  A gnoll shaman (D:4)
  3 orc wizards
  2 worker ants
  4 gnolls (D:4)
  2 adders (D:4)
  2 oozes
  2 worms
  2 dart slugs
  3 leopard geckos
  3 orcs
  6 giant cockroaches
  5 goblins
  6 hobgoblins
  7 jackals
  8 kobolds
  2 quokkas
  A ball python (D:2)
  9 bats
  2 frilled lizards
  7 rats
82 creatures vanquished.

Notes
Turn   | Place    | Note
-------+----------+-------------------------------------------
     0 | D:1      | vishdafish the Gargoyle Fighter began the quest for the Orb.
     0 | D:1      | Reached XP level 1. HP: 14/14 MP: 1/1
    74 | D:1      | Reached XP level 2. HP: 12/19 MP: 2/2
   301 | D:1      | Reached XP level 3. HP: 23/23 MP: 3/3
   966 | D:2      | Reached XP level 4. HP: 21/29 MP: 4/4
  1168 | D:3      | Reached skill level 1 in Dodging
  1177 | D:3      | Reached XP level 5. HP: 7/33 MP: 5/5
  1226 | D:3      | Noticed vishdafish's ghost (amateur GrFi)
  1239 | D:3      | Killed vishdafish's ghost
  1239 | D:3      | Reached skill level 4 in Shields
  1239 | D:3      | Reached XP level 6. HP: 13/38 MP: 6/6
  2384 | D:4      | Noticed a phantom
  2405 | D:4      | Killed a phantom
  2413 | D:4      | Reached XP level 7. HP: 44/44 MP: 7/7
  2569 | D:4      | Noticed Quirk's ghost (novice DsFi)
  2576 | D:4      | Reached skill level 5 in Shields
  2602 | D:4      | Gained mutation: You have a somewhat thin skeletal structure. (Dex +2, Stealth) [potion of mutation]
  2602 | D:4      | Gained mutation: Your spells are a little harder to cast, but a little more powerful. [potion of mutation]
  2605 | D:4      | Mangled by Quirk's ghost

Skill      XL: |  1  2  3  4  5  6  7 |
---------------+----------------------+-----
Armour         | 4 |  4.9
Dodging        | 1 2 |  2.0
Maces & Flails | 3 4 |  4.6
Fighting       | 4 |  4.5
Shields        | 4 5 |  5.0
Stealth        | |  0.5

Action                   |  1- 3 |  4- 6 |  7- 9 || total
-------------------------+-------+-------+-------++-------
Melee: Flail             |   167 |   138 |    70 ||   375
  Use: Potion            |       |     4 |     3 ||     7
  Eat: Bread ration      |       |     2 |       ||     2
Armor: Scale mail        |   119 |    81 |    34 ||   234
       Skin              |       |     6 |       ||     6
Dodge: Dodged            |    67 |    47 |    21 ||   135
Block: Shield            |   107 |    73 |    34 ||   214
